 Dungeon Crawl Stone Soup version 0.25-a0-942-g87a53962fc (webtiles) character file.

Game seed: 8751167701643760320, levelgen mode: deterministic

142 MisterFreud the Slasher (level 5, -5/37 HPs)
             Began as an Octopode Gladiator on May 7, 2020.
             Killed from afar by an orc wizard (13 damage)
             ... with a puff of frost
             ... on level 3 of the Dungeon.
             The game lasted 00:04:08 (2487 turns).

MisterFreud the Slasher (Octopode Gladiator)        Turns: 2487, Time: 00:04:09

Health: -5/37      AC:  1    Str: 13    XL:     5   Next: 24%
Magic:  5/5        EV: 14    Int: 11    God:
Gold:   112        SH:  0    Dex: 14    Spells: 4/4 levels left

rFire    . . .     SeeInvis .   a - +0 long sword
rCold    . . .     Gourm    .   (no shield)
rNeg     + . .     Faith    .   b - +0 hat
rPois    .         Spirit   .   (no amulet)
rElec    .         Reflect  .   i - ring of positive energy
rCorr    .         Harm     .   r - ring of stealth
MR       .....                  (no ring)
Stlth    +++.......             (no ring)
HPRegen  0.12/turn              (no ring)
MPRegen  0.09/turn              (no ring)
                                (no ring)
                                (no ring)

@: no status effects
A: almost no armour, stealthy swim, amphibious, 8 rings, constrict 8, camouflage
1, gelatinous body 1
a: no special abilities


You were on level 3 of the Dungeon.
You were not hungry.

You visited 1 branch of the dungeon, and saw 3 of its levels.

You collected 112 gold pieces.

Inventory:

Hand Weapons
 a - a +0 long sword (weapon)
Missiles
 c - 3 throwing nets (quivered)
 g - 113 stones
 l - 15 bolts
 q - 18 poisoned darts
 x - 20 arrows
Armour
 b - a +0 hat (worn)
Jewellery
 i - a ring of positive energy (left tentacle)
 r - a ring of stealth (right tentacle)
 z - an uncursed ring of stealth
Scrolls
 e - a scroll of blinking {unknown}
 f - a scroll of magic mapping {unknown}
 h - a scroll of enchant armour {unknown}
 j - 4 scrolls of identify {unknown}
 s - a scroll of enchant weapon {unknown}
 u - a scroll of amnesia {unknown}
 w - a scroll of remove curse {unknown}
 y - a scroll of immolation {unknown}
Potions
 k - 2 potions of curing {unknown}
 m - a potion of haste {unknown}
 n - a potion of heal wounds {unknown}
 o - 2 potions of brilliance {unknown}
 p - a potion of invisibility {unknown}
 v - a potion of might {unknown}
Comestibles
 d - 4 rations
 t - 2 chunks of flesh


   Skills:
 - Level 4.0 Fighting
 + Level 4.5 Long Blades
 - Level 2.0 Throwing
 - Level 3.0 Dodging


You had 4 spell levels left.
You didn't know any spells.
Your spell library was empty.

Dungeon Overview and Level Annotations

Branches:
Dungeon (3/15)

Altars:


Innate Abilities, Weirdness & Mutations

You cannot wear most types of armour.
You are very stealthy in the water. (Stealth+)
You are amphibious.
You can wear up to eight rings at the same time.
You can use your tentacles to constrict eight enemies at once.
Your skin changes colour to match your surroundings (Stealth+).
Your rubbery body absorbs attacks. (AC +1, EV +1)


Message History

You kill the worm!
You have reached level 5!
You feel agile. Something closely misses you.
You closely miss something. You squeeze something. Something hits you.
You miss something. Something hits you.
You barely miss something. You squeeze something! Something barely misses you.
You hit something. Something hits you but does no damage.
You closely miss something. Something barely misses you. x2
You barely miss something. The orc wizard casts a spell at you.
The puff of flame hits you! Something hits you.
You miss something. Something hits you.
* * * LOW HITPOINT WARNING * * *
You hit something.
Reactivating autopickup.
You feel a bit more experienced. The orc wizard casts a spell at you.
The puff of frost hits you!
You die...

.. .# .## ..o .##.. ..
#... #.#..# #....#
####)# .... #o# #.#.#
#..# #)# #.#.###..# #@#
#....##..# #.#
#........# #.# ####....#
#.# #.####.##.#.####.#
.#####.....#..........#
#.......................
#######......##.########
########### # #


You could see an orc wizard.

Vanquished Creatures
  An orc priest (D:3)
  An orc wizard (D:3)
  5 adders
  A worm (D:3)
  2 dart slugs
  A leopard gecko (D:3)
  2 bats
  A giant cockroach (D:1)
  3 goblins
  5 hobgoblins
  6 jackals
  A ball python (D:1)
  A frilled lizard (D:2)
  4 kobolds
  5 rats
39 creatures vanquished.

Notes
Turn   | Place    | Note
-------+----------+-------------------------------------------
     0 | D:1      | MisterFreud the Octopode Gladiator began the quest for the
                  | Orb.
     0 | D:1      | Reached XP level 1. HP: 14/14 MP: 1/1
     6 | D:1      | Noticed a seven-headed hydra
     6 | D:1      | Noticed a black mamba
     7 | D:1      | Noticed a swamp worm
   279 | D:1      | Reached XP level 2. HP: 20/20 MP: 2/2
  1209 | D:2      | Reached XP level 3. HP: 26/26 MP: 3/3
  1951 | D:2      | Reached XP level 4. HP: 31/33 MP: 4/4
  2479 | D:3      | Reached XP level 5. HP: 32/37 MP: 5/5
  2487 | D:3      | Killed from afar by an orc wizard

Levels and vault maps discovered:
D:1:      onia_arrival_zoo_common, layout_basic, nrook_mini_vaults
D:2:      layout_basic
D:3:      layout_loops_ring, first_ration

Skill      XL: |  1  2  3  4 |
---------------+-------------+-----
Fighting       | 3 4 |  4.0
Long Blades    | 4 |  4.5
Throwing       | |  2.0
Dodging        | |  3.0

Action                   |  1- 3 |  4- 6 || total
-------------------------+-------+-------++-------
Melee: Long sword        |    36 |    31 ||    67
       Constrict         |    17 |     5 ||    22
       Tentacles         |    10 |     4 ||    14
 Stab: Sleeping          |     6 |     2 ||     8
  Eat: Chunk             |     3 |     2 ||     5
Armor: Skin              |     1 |       ||     1
Dodge: Dodged            |    24 |    16 ||    40
       Rpst.: Long sword |     9 |     4 ||    13

Table legend:
 A = Non-vault XP
 B = Vault XP
 C = Vault XP percentage of total XP
 D = Non-vault monster count
 E = Vault monster count
 F = Vault count percentage of total count
                 A         B        C        D         E       F
            +---------+---------+-------+---------+---------+-------
      Total |     203 |       0 |   0.0 |      39 |       0 |   0.0
            +---------+---------+-------+---------+---------+-------
        D:1 |      28 |       0 |   0.0 |      16 |       0 |   0.0
        D:2 |      58 |       0 |   0.0 |      13 |       0 |   0.0
        D:3 |     117 |       0 |   0.0 |      10 |       0 |   0.0
            +---------+---------+-------+---------+---------+-------
